 Dungeon Crawl Stone Soup version 0.24-a0-92-g7d8ec57088 (webtiles) character file.

Game seed: 8845471013877383734

67040 LLavrengius the Fighter (level 15, 0/114 HPs)
             Began as an Octopode Fighter on Feb 8, 2019.
             Was the Champion of Wu Jian.
             Slain by a cyclops (7 damage)
             ... on level 2 of the Orcish Mines on Feb 9, 2019.
             The game lasted 02:24:17 (23452 turns).

LLavrengius the Fighter (Octopode Fighter)         Turns: 23452, Time: 02:24:19

Health: 0/114      AC:  4    Str: 20    XL:     15   Next: 21%
Magic:  16/21      EV: 19    Int: 15    God:    Wu Jian [******]
Gold:   1517       SH:  7    Dex: 14    Spells: 10/22 levels left

rFire    . . .     SeeInvis .   p - +3 short sword (venom)
rCold    . . .     Gourm    .   e - +2 buckler
rNeg     + . .     Faith    .   h - +2 hat
rPois    +         Spirit   .   J - amulet of regeneration
rElec    .         Reflect  .   s - +2 ring of protection
rCorr    +         Harm     .   x - ring of poison resistance
MR       +....                  B - +1 ring of protection
Stlth    +++++++...             F - +2 ring of dexterity
HPRegen  0.69/turn              R - ring of flight
MPRegen  0.17/turn              T - ring of resist corrosion
                                O - ring "Ceovul" {rN+ AC-2 Str+3 Stlth+} (curse)
                                (no ring)

@: no status effects
A: almost no armour, stealthy swim, amphibious, 8 rings, constrict 8, camouflage
1, gelatinous body 1
a: Wall Jump, Serpent's Lash, Heavenly Storm, Renounce Religion, Evoke Flight


You were on level 2 of the Orcish Mines.
You worshipped Wu Jian.
Wu Jian was exalted by your worship.
You were not hungry.

You visited 4 branches of the dungeon, and saw 21 of its levels.
You visited the Abyss 1 time.
You also visited: Sewer.

You collected 1517 gold pieces.

Inventory:

Hand Weapons
 k - a +0 blowgun
 p - a +3 short sword of venom (weapon)
 y - a +1 dagger of holy wrath
 D - a +4 dagger of protection
 K - a +4 short sword of freezing
 P - a +3 short sword
 U - a +3 scimitar of flaming
 W - a +3 trident
Missiles
 q - 25 poisoned needles
 Z - 7 javelins (quivered)
Armour
 b - a +1 shield
 e - a +2 buckler (worn)
 h - a +2 hat (worn)
Jewellery
 s - a +2 ring of protection (left tentacle)
 x - a ring of poison resistance (right tentacle)
 B - a +1 ring of protection (on tentacle)
 F - a +2 ring of dexterity (on tentacle)
 J - an amulet of regeneration (around mantle)
 L - the amulet "Plog" {Gourm rF+}
   (You found it on level 6 of the Dungeon)

   [amulet of the gourmand]

   It allows you to eat raw meat even when not hungry.
   It protects you from fire.
 O - the cursed ring "Ceovul" (on tentacle) {rN+ AC-2 Str+3 Stlth+}
   (You found it on level 4 of the Lair of Beasts)

   [ring of protection]

   It affects your AC (-2).
   It affects your strength (+3).
   It protects you from negative energy.
   It makes you more stealthy.
   It has a curse placed upon it.
 R - a ring of flight (on tentacle)
 T - a ring of resist corrosion (on tentacle)
Wands
 j - a wand of flame (12)
 M - a wand of iceblast (17)
 N - a wand of digging (5)
 Q - a wand of paralysis (22)
 S - a wand of polymorph (4)
 Y - a wand of random effects (42)
Scrolls
 a - 2 scrolls of magic mapping
 g - 12 scrolls of remove curse
 r - 6 scrolls of teleportation
 t - 3 scrolls of fear
 u - 8 scrolls of identify
 v - a scroll of fog
 z - 2 scrolls of enchant armour
 A - 6 scrolls of blinking
 E - 2 scrolls of amnesia
Potions
 c - a potion of might
 f - 13 potions of curing
 i - 2 potions of heal wounds
 l - a potion of berserk rage
 n - 4 potions of lignification
 o - 5 potions of flight
 w - 5 potions of resistance
 C - 5 potions of brilliance
 G - a potion of mutation
 H - 3 potions of magic
 V - 2 potions of invisibility
 X - 2 potions of agility
Miscellaneous
 m - a fan of gales
 I - a lamp of fire
Comestibles
 d - 25 rations


   Skills:
 + Level 14.4 Fighting
 - Level 12.0 Short Blades
 - Level 10.0 Dodging
 - Level 12.1 Stealth
 - Level 4.0 Shields
 + Level 4.1 Spellcasting
 - Level 7.0 Hexes
 - Level 2.0 Transmutations
 + Level 8.6 Earth Magic
 - Level 8.0 Poison Magic


You had 10 spell levels left.
You knew the following spells:

 Your Spells              Type           Power        Failure   Level  Hunger
a - Confusing Touch       Hex            ###...       1%          1    None
b - Passwall              Tmut/Erth      ###.....     3%          2    ##.....
c - Poisonous Vapours     Pois/Air       ###...       5%          2    ##.....
d - Mephitic Cloud        Conj/Pois/Air  ##......     19%         3    ###....
e - Olgreb's Toxic Radia  Pois           ####....     7%          4    ####...

Your spell library contained the following spells:

 Spells                   Type           Power        Failure   Level  Hunger
 Sandblast                Erth           ####..       1%          1    None
 Sting                    Conj/Pois      ###.         3%          1    None
 Confuse                  Hex            ###.....     3%          3    ###....
 Stone Arrow              Conj/Erth      ###...       9%          3    ###....
 Lee's Rapid Deconstruct  Erth           ####......   14%         5    ######.
 Freeze                   Ice            #...         19%         1    None
 Magic Dart               Conj           #...         19%         1    None
 Shock                    Conj/Air       #...         19%         1    None
 Summon Butterflies       Summ           #.......     19%         1    None
 Petrify                  Tmut/Erth      ###.....     21%         4    ####...
 Throw Frost              Conj/Ice       #.....       26%         2    ##.....
 Call Canine Familiar     Summ           #.......     47%         3    ###....
 Conjure Flame            Conj/Fire      #.......     47%         3    ###....
 Gell's Gravitas          Tloc           #.........   47%         3    ###....
 Ozocubu's Armour         Chrm/Ice       #.......     47%         3    ###....
 Recall                   Summ/Tloc      N/A          47%         3    ###....
 Yara's Violent Unravell  Hex/Tmut       ###.......   61%         5    ######.
 Borgnjor's Vile Clutch   Necr/Erth      ###.......   63%         5    ######.
 Venom Bolt               Conj/Pois      ###.......   67%         5    ######.
 Metabolic Englaciation   Hex/Ice        ##........   75%         5    ######.
 Summon Mana Viper        Hex/Summ       ##......     75%         5    ######.
 Bolt of Magma            Conj/Fire/Erth ##........   83%         5    ######.
 Animate Dead             Necr           N/A          87%         4    ####...
 Iskenderun's Mystic Bla  Conj           #.......     87%         4    ####...
 Summon Ice Beast         Ice/Summ       #.......     87%         4    ####...
 Iskenderun's Battlesphe  Conj/Chrm      #.......     99%         5    ######.
 Iron Shot                Conj/Erth      ###.......   99%         6    #######
 Bolt of Cold             Conj/Ice       #.........   100%        6    #######
 Death Channel            Necr           #.........   100%        6    #######
 Freezing Cloud           Conj/Ice/Air   #.........   100%        6    #######
 Simulacrum               Ice/Necr       #.........   100%        6    #######
 Malign Gateway           Summ/Tloc      #.........   100%        7    #######
 Orb of Destruction       Conj           #.........   100%        7    #######
 Ring of Flames           Chrm/Fire      #.........   100%        7    #######
 Spellforged Servitor     Conj/Summ      #.........   100%        7    #######
 Summon Hydra             Summ           #.........   100%        7    #######


Dungeon Overview and Level Annotations

Branches:
Dungeon (12/15)            Temple (0/1) D:5            Lair (6/6) D:11
 Shoals (0/4) Lair:2       Spider (1/4) Lair:2        Slime (0/5) Lair:5
    Orc (2/2) D:12
    Elf: Orc:2

Altars:
Cheibriados
Elyvilon
Gozag
Kikubaaqudgha
Makhleb
Okawaru
Qazlal
Ru
Sif Muna
Trog
Uskayaw
Wu Jian
Zin
Beogh
Jiyva

Shops:
D:8 [

Annotations:
D:12 exclusion: obsidian statue
Lair:4 domsik's ghost, journeyman GrBe


Innate Abilities, Weirdness & Mutations

You cannot wear most types of armour.
You are very stealthy in the water. (Stealth+)
You are amphibious.
You can wear up to eight rings at the same time.
You can use your tentacles to constrict eight enemies at once.
Your skin changes colour to match your surroundings (Stealth+).
Your rubbery body absorbs attacks. (AC +1, EV +1)


Message History

Unknown command.
You lunge at the cyclops, in a flurry of attacks.
You hit the cyclops.
The cyclops is poisoned.
The cyclops is lightly wounded.
You puncture the cyclops!
The cyclops looks as sick as possible!
You squeeze the cyclops!
The cyclops is heavily wounded.
You spin and attack the two-headed ogre repeatedly.
You hit the two-headed ogre.
The two-headed ogre looks as sick as possible!
You squeeze the two-headed ogre.
You kill the two-headed ogre!
The Council accepts your kill.
A two-headed ogre comes into view.
It is wielding a +0 giant spiked club and a -2 giant club.
The two-headed ogre hits you with a cursed -1 giant club!!
* * * LOW HITPOINT WARNING * * *
The two-headed ogre hits you with a +0 giant spiked club!
* * * LOW HITPOINT WARNING * * *
The cyclops hits you!
You die...

........####
#.#.........
##.$.......O#. .#
#........O....
...##.......O....
................
...........)...#
........)O)##
........@C[.#
..$.......)###
....(.....)..##
........#.)..$#
........##)#.##
..........†.##
............##
...........$.##
.. ............#


You could see 3 two-headed ogres, an ogre mage and a cyclops.

Vanquished Creatures
  Gastronok (Lair:3)
  A ghost moth (Spider:1)
  A dire elephant (Lair:6)
  A death ooze (Lair:4)
  An ettin (Orc:1)
  Josephine (D:11)
  Harold (D:9)
  3 catoblepae
  Erolcha (D:10)
  5 two-headed ogres
  Erica (D:8)
  An ogre mage (Orc:2)
  6 death yaks (Lair:6)
  A deep troll shaman (Lair:6)
  Urug (Lair:4)
  A wolf spider (Spider:1)
  2 orc knights
  2 orc sorcerers
  2 ugly things (D:11)
  3 manticores
  13 elephants
  5 oklob plants
  Joseph (D:8)
  3 black mambas
  10 spiny frogs
  A torpor snail (Lair:2)
  5 rime drakes
  11 komodo dragons
  A kobold demonologist (D:12)
  2 demonic crawlers (Spider:1)
  6 trolls
  A jumping spider (Spider:1)
  2 polar bears
  A hornet (D:9)
  A meliai zombie (D:10)
  4 slime creatures
  4 blink frogs (Lair:6)
  11 hippogriffs
  4 dream sheep (Lair:5)
  3 wraiths
  55 yaks
  Grum (D:8)
  A wyvern (Lair:4)
  3 hogs (D:7)
  2 basilisks
  A human (D:7)
  4 wargs
  Edmund (D:4)
  13 water moccasins
  7 orc warriors
  7 porcupines
  A hornet zombie (D:10)
  An ice beast (D:11)
  2 black bears (Lair:6)
  3 phantoms
  2 sky beasts
  2 eyes of draining (D:8)
  12 ogres
  15 wolves
  15 crocodiles
  2 centaurs
  9 big kobolds
  14 bullfrogs
  2 scorpions
  A water moccasin skeleton (D:8)
  3 howler monkeys (D:9)
  21 wights
  An electric eel (Lair:1)
  5 crimson imps
  3 hounds
  A quasit (D:9)
  3 centaur skeletons
  Crazy Yiuf (D:4)
  A bullfrog skeleton (D:6)
  8 orc priests
  A gnoll shaman (D:6)
  8 jellies
  18 orc wizards
  Jessica (D:2)
  11 worker ants
  Terence (D:2)
  2 iguanas
  Natasha (thrice) (D:2)
  2 killer bee zombies (D:6)
  A hound zombie (D:8)
  2 hound skeletons (D:10)
  A worker ant zombie (D:9)
  A howler monkey skeleton (D:4)
  11 adders
  12 gnolls
  3 river rats
  3 shadow imps
  4 oozes
  An adder zombie (D:7)
  5 worms
  3 dart slugs
  7 leopard geckos
  67 orcs
  8 giant cockroaches
  9 hobgoblins
  A jackal (D:6)
  32 kobolds
  6 quokkas
  6 ball pythons
  11 bats
  9 frilled lizards
  5 goblins
  A leopard gecko skeleton (D:5)
  A quokka skeleton (D:4)
  12 rats
  A bush (Lair:6)
  3 plants
621 creatures vanquished.

Vanquished Creatures (others)
  19 fungi
  8 plants
27 creatures vanquished.

Grand Total: 648 creatures vanquished

Notes
Turn   | Place    | Note
-------+----------+-------------------------------------------
     0 | D:1      | LLavrengius the Octopode Fighter began the quest for the
                  | Orb.
     0 | D:1      | Reached XP level 1. HP: 16/16 MP: 1/1
     4 | D:1      | Noticed an electric eel
     4 | D:1      | Noticed an electric eel
    80 | D:1      | Reached skill level 1 in Stealth
    88 | D:1      | Reached XP level 2. HP: 17/21 MP: 2/2
   720 | D:1      | Reached XP level 3. HP: 26/26 MP: 3/3
   849 | D:2      | Noticed Terence
   857 | D:2      | Killed Terence
   973 | D:2      | Reached XP level 4. HP: 31/31 MP: 4/4
  1236 | D:2      | Noticed Jessica
  1239 | D:2      | Killed Jessica
  1255 | D:2      | Noticed Natasha
  1262 | D:2      | Killed Natasha
  1262 | D:2      | Reached XP level 5. HP: 36/36 MP: 5/5
  1280 | D:2      | Found a faded altar of an unknown god.
  1309 | D:2      | Learned a level 1 spell: Confusing Touch
  1644 | D:2      | Noticed Natasha
  1651 | D:2      | Killed Natasha
  1761 | D:2      | Noticed Natasha
  1769 | D:2      | Killed Natasha
  1769 | D:2      | Reached skill level 1 in Hexes
  1857 | D:3      | Reached XP level 6. HP: 40/42 MP: 6/6
  1901 | D:3      | Found a glowing drain.
  1926 | Sewer    | Entered a sewer
  2227 | Sewer    | Reached skill level 5 in Stealth
  2326 | Sewer    | Reached XP level 7. HP: 42/46 MP: 7/7
  2376 | Sewer    | Reached skill level 5 in Short Blades
  3492 | D:4      | Reached XP level 8. HP: 52/52 MP: 8/8
  3818 | D:4      | Found an opulent altar of Gozag.
  3832 | D:4      | Found an ornate altar of the Wu Jian Council.
  3837 | D:4      | Became a worshipper of the Wu Jian Council
  3894 | D:4      | Noticed Edmund
  3911 | D:4      | Killed Edmund
  4159 | D:4      | Found a runed translucent door.
  4160 | D:4      | Noticed Crazy Yiuf
  4455 | D:4      | Killed Crazy Yiuf
  4508 | D:5      | Entered Level 5 of the Dungeon
  4531 | D:5      | Found an ancient bone altar of Kikubaaqudgha.
  4651 | D:5      | Found a deep blue altar of Sif Muna.
  4729 | D:5      | Found an iron altar of Okawaru.
  4972 | D:5      | Found a staircase to the Ecumenical Temple.
  5110 | D:6      | Found a burning altar of Makhleb.
  5117 | D:6      | Found a snail-covered altar of Cheibriados.
  5163 | D:6      | Reached skill level 4 in Fighting
  5367 | D:6      | Found a stormy altar of Qazlal.
  5369 | D:6      | Noticed an air elemental
  5370 | D:6      | Noticed a water elemental
  5442 | D:6      | Reached * piety under Wu Jian
  5442 | D:6      | Reached XP level 9. HP: 59/59 MP: 9/9
  5457 | D:6      | Got a glittering silver amulet
  5458 | D:6      | Identified the amulet "Plog" {Gourm rF+} (You found it on
                  | level 6 of the Dungeon)
  5580 | D:6      | Found a white marble altar of Elyvilon.
  5597 | D:6      | Reached skill level 5 in Fighting
  6191 | D:7      | Reached ** piety under Wu Jian
  6224 | D:7      | Reached skill level 1 in Spellcasting
  6236 | D:7      | Reached skill level 6 in Fighting
  6808 | D:8      | Identified Pywneuse's Volume of Attacks
  6905 | D:8      | Found a hide-covered altar of Uskayaw.
  6905 | D:8      | Found a sacrificial altar of Ru.
  6906 | D:8      | Found a glowing silver altar of Zin.
  6920 | D:8      | Noticed Grum
  6932 | D:8      | Killed Grum
  6948 | D:8      | Reached XP level 10. HP: 57/69 MP: 13/13
  6973 | D:8      | Reached skill level 7 in Fighting
  7361 | D:8      | Noticed a two-headed ogre
  7375 | D:8      | Noticed a two-headed ogre
  7378 | D:8      | Killed a two-headed ogre
  7585 | D:8      | Killed a two-headed ogre
  7585 | D:8      | Reached skill level 8 in Fighting
  7585 | D:8      | Reached skill level 10 in Short Blades
  7623 | D:8      | Noticed Joseph
  7640 | D:8      | Killed Joseph
  7659 | D:8      | Found a bloodstained altar of Trog.
  7797 | D:8      | Noticed Erica
  7830 | D:8      | Killed Erica
  7929 | D:8      | Reached skill level 9 in Fighting
  8057 | D:8      | Found Dinufar's Armour Boutique.
  8549 | D:9      | Reached XP level 11. HP: 80/80 MP: 14/14
  8609 | D:9      | Reached *** piety under Wu Jian
  8661 | D:9      | Noticed Harold
  8667 | D:9      | Killed Harold
  9308 | D:9      | Reached skill level 5 in Dodging
  9837 | D:10     | Entered Level 10 of the Dungeon
 10717 | D:10     | Reached **** piety under Wu Jian
 10798 | D:10     | Noticed Erolcha
 10809 | D:10     | Cast into level 2 of the Abyss (Erolcha)
 10817 | Abyss:2  | Found a corrupted altar of Lugonu.
 10836 | D:10     | Escaped the Abyss
 10848 | D:10     | Killed Erolcha
 10880 | D:10     | Reached skill level 10 in Stealth
 11217 | D:11     | Noticed Josephine
 11220 | D:11     | Killed Josephine
 11221 | D:11     | Reached skill level 10 in Fighting
 11741 | D:11     | Found a staircase to the Lair.
 11934 | D:11     | Noticed a cyan ugly thing
 12071 | D:11     | Killed a cyan ugly thing
 12291 | D:11     | Noticed a cyan ugly thing
 12302 | D:11     | Killed a cyan ugly thing
 12302 | D:11     | Reached XP level 12. HP: 45/87 MP: 16/16
 12606 | D:12     | Learned a level 2 spell: Passwall
 12691 | D:12     | Found a staircase to the Orcish Mines.
 12728 | D:12     | Reached skill level 1 in Transmutations
 12759 | D:12     | Noticed a two-headed ogre
 12769 | D:12     | Killed a two-headed ogre
 13325 | D:12     | Noticed an ice dragon
 13415 | Lair:1   | Entered Level 1 of the Lair of Beasts
 13416 | Lair:1   | Upgraded the game from 0.24-a0-89-gce0dbf48b2 to
                  | 0.24-a0-92-g7d8ec57088
 13757 | Lair:1   | Reached ***** piety under Wu Jian
 13856 | Lair:1   | Reached skill level 5 in Hexes
 13874 | Lair:1   | Reached skill level 1 in Earth Magic
 14291 | Lair:1   | Found an ornate altar of the Wu Jian Council.
 14585 | Lair:2   | Reached skill level 11 in Fighting
 15083 | Lair:2   | Found a staircase to the Shoals.
 15322 | Lair:2   | Reached XP level 13. HP: 44/95 MP: 17/17
 15527 | Lair:2   | Learned a level 2 spell: Poisonous Vapours
 16057 | Lair:2   | Reached skill level 1 in Poison Magic
 16206 | Lair:2   | Found a hole to the Spider Nest.
 16364 | Lair:3   | Noticed Gastronok
 16614 | Lair:3   | Killed Gastronok
 17036 | Lair:3   | Learned a level 3 spell: Mephitic Cloud
 17041 | Lair:3   | Learned a level 4 spell: Olgreb's Toxic Radiance
 17786 | Lair:3   | Reached ****** piety under Wu Jian
 18042 | Lair:4   | Reached skill level 5 in Poison Magic
 18046 | Lair:4   | Reached skill level 12 in Fighting
 18183 | Lair:4   | Found a runed translucent gate.
 18184 | Lair:4   | Found a runed translucent gate.
 18185 | Lair:4   | Found a runed translucent gate.
 18185 | Lair:4   | Noticed a death ooze
 18187 | Lair:4   | Noticed domsik's ghost (journeyman GrBe)
 18188 | Lair:4   | Found a viscous altar of Jiyva.
 18554 | Lair:4   | Got a glittering amber ring
 18555 | Lair:4   | Identified the cursed ring "Ceovul" {rN+ AC-2 Str+3 Stlth+}
                  | (You found it on level 4 of the Lair of Beasts)
 18575 | Lair:4   | Noticed Urug
 18581 | Lair:4   | Killed Urug
 19388 | Lair:4   | Killed a death ooze
 19508 | Lair:4   | Reached XP level 14. HP: 102/102 MP: 18/18
 19883 | Lair:5   | Reached skill level 13 in Fighting
 19924 | Lair:5   | Reached skill level 5 in Earth Magic
 20331 | Lair:5   | Found a staircase to the Slime Pits.
 20668 | Lair:6   | Entered Level 6 of the Lair of Beasts
 21120 | Lair:6   | Reached skill level 10 in Dodging
 21398 | Lair:6   | Noticed a dire elephant
 21987 | Lair:6   | Killed a dire elephant
 22014 | Lair:6   | Identified Xipre's Papyrus of Dramatic Exits
 22313 | Spider:1 | Entered Level 1 of the Spider Nest
 22329 | Spider:1 | Noticed a ghost moth
 22336 | Spider:1 | Killed a ghost moth
 22336 | Spider:1 | Reached skill level 14 in Fighting
 22595 | Orc:1    | Entered Level 1 of the Orcish Mines
 22641 | Orc:1    | Found a roughly hewn altar of Beogh.
 22664 | Orc:1    | Reached XP level 15. HP: 62/113 MP: 16/19
 23268 | Orc:2    | Entered Level 2 of the Orcish Mines
 23452 | Orc:2    | Slain by a cyclops

Levels and vault maps discovered:
D:1:      arrival_aquarium_b, layout_basic
D:2:      cheibrodos_helix_gallery, layout_loops_ring,
          chequers_ecumenical_altar_simple, first_ration,
          chequers_serial_rivers_micro_e, uniq_natasha, uniq_terence,
          uniq_jessica
D:3:      layout_loops_ring, cheibrodos_sewer_entry_bend
D:4:      minmay_spotlight, layout_loops_ring, grunt_gozag_statues,
          kennysheep_little_box, uniq_crazy_yiuf_cottage, uniq_edmund
D:5:      layout_rooms, kiku_gazebo_garden_becter, kennysheep_mini_moat,
          okawaru_metal_pillars_1_2, minmay_temple_entry_wispy, serial_rivers,
          chequers_serial_rivers_micro_c, chequers_serial_rivers_micro_c,
          chequers_serial_rivers_small_3, chequers_serial_rivers_room_b
D:6:      minmay_clustersquares, layout_rooms, old_standard_altar,
          grunt_temple_overflow_open, kb_lookout_dungeons_type,
          nicolae_qazlal_style_of_elements
D:7:      layout_basic, grunt_livestock
D:8:      layout_basic, trog_eyes_of_draining,
          gammafunk_temple_overflow_forgotten, serial_glass, glass_columns_b,
          glass_columns_c, serial_shops, shop, uniq_erica, uniq_grum,
          uniq_joseph
D:9:      layout_grid_maze, uniq_harold
D:10:     layout_basic, uniq_erolcha
D:11:     layout_irregular_city, david_lair_generic, uniq_josephine
D:12:     minmay_tile_spiral, layout_basic, orc_0_dummy, minmay_protected_statue
Lair:1:   layout_regular_city, lemuel_oklob_altar, grunt_megastairs_1,
          serial_bayou_shore_a
Lair:2:   layout_regular_city, shoals_dummy_entry,
          nicolae_spider_entry_non_spiders, pond
Lair:3:   layout_regular_city, grunt_megastairs_3, serial_bayou_shore_b,
          uniq_gastronok
Lair:4:   nzn_motion_control, layout_cave_shapes, gammafunk_ghost_ooze,
          cheibrodos_lair_reptile_den, infiniplex_staircase_pool_2,
          minmay_lair_oklob_chamber, uniq_urug
Lair:5:   layout_loops_ring, minmay_slime_entry_pillars
Lair:6:   grunt_lair_end_beastmaster, layout_misc_corridors, minmay_hedge_maze
Spider:1: layout_spider_delve
Orc:1:    layout_caves, nicolae_orc_damp_corner, mines2_david
Orc:2:    st_orc_open, layout_diamond_mine, basic_altar
Abyss:2:  lemuel_flamethrower_2
Sewer:    sewer_co_tree

Skill      XL: |  1  2  3  4  5  6  7  8  9 10 11 12 13 14 15 |
---------------+----------------------------------------------+-----
Stealth        | 1 2 3 4 5 7 9 10 11 12 | 12.1
Short Blades   | 3 4 5 7 9 10 11 12 | 12.0
Shields        | 4 |  4.0
Hexes          | 1 2 4 6 7 |  7.0
Fighting       | 4 6 9 10 11 12 14 | 14.4
Spellcasting   | 2 3 4 |  4.1
Dodging        | 4 6 8 9 10 | 10.0
Transmutations | 2 |  2.0
Earth Magic    | 3 4 7 8 |  8.6
Poison Magic   | 8 |  8.0

Action                   |  1- 3 |  4- 6 |  7- 9 | 10-12 | 13-15 || total
-------------------------+-------+-------+-------+-------+-------++-------
Melee: Rapier            |    52 |    62 |       |       |       ||   114
       Constrict         |     9 |    24 |    66 |   107 |    65 ||   271
       Tentacles         |     4 |     6 |    77 |   205 |   297 ||   589
       Short sword       |       |    44 |   303 |   759 |  1074 ||  2180
       Unarmed           |       |       |       |    13 |       ||    13
 Cast: Confusing Touch   |       |       |       |    14 |    76 ||    90
       Olgreb's Toxic Ra |       |       |       |       |     2 ||     2
       Mephitic Cloud    |       |       |       |       |     1 ||     1
Invok: Lunge             |       |       |    31 |   112 |   145 ||   288
       Whirlwind         |       |       |     2 |    64 |   230 ||   296
       Serpent's Lash    |       |       |       |       |     1 ||     1
       Heavenly Storm    |       |       |       |       |     1 ||     1
  Use: Scroll            |       |     6 |       |    10 |    17 ||    33
       Potion            |       |       |       |     1 |     2 ||     3
 Stab: Sleeping          |    11 |    14 |    40 |    44 |    47 ||   156
       Distracted        |       |     1 |     1 |     3 |     6 ||    11
       Confused          |       |       |       |    15 |    62 ||    77
       Petrified         |       |       |       |       |     4 ||     4
       Petrifying        |       |       |       |       |     3 ||     3
  Eat: Chunk             |       |     4 |    27 |    27 |    39 ||    97
Armor: Skin              |       |     5 |     7 |    23 |    25 ||    60
Dodge: Dodged            |    12 |    49 |    89 |   166 |   242 ||   558
Block: Buckler           |    12 |    29 |    49 |    97 |   105 ||   292

Table legend:
 A = Non-vault XP
 B = Vault XP
 C = Vault XP percentage of total XP
 D = Non-vault monster count
 E = Vault monster count
 F = Vault count percentage of total count
                 A         B        C        D         E       F
            +---------+---------+-------+---------+---------+-------
      Total |   54643 |   41129 |  42.9 |     449 |     168 |  27.2
            +---------+---------+-------+---------+---------+-------
        D:1 |      35 |       0 |   0.0 |      22 |       0 |   0.0
        D:2 |     121 |     109 |  47.4 |      22 |       5 |  18.5
        D:3 |     268 |       5 |   1.8 |      36 |       1 |   2.7
        D:4 |     345 |     377 |  52.2 |      21 |       5 |  19.2
        D:5 |      51 |       0 |   0.0 |       8 |       0 |   0.0
        D:6 |     755 |     253 |  25.1 |      15 |       8 |  34.8
        D:7 |     331 |     993 |  75.0 |      21 |       5 |  19.2
        D:8 |    2631 |    2376 |  47.5 |      19 |      10 |  34.5
        D:9 |    1325 |    1013 |  43.3 |      32 |       1 |   3.0
       D:10 |    1953 |     932 |  32.3 |      26 |       1 |   3.7
       D:11 |    2137 |    2267 |  51.5 |      23 |       7 |  23.3
       D:12 |    3387 |     595 |  14.9 |      22 |       2 |   8.3
     Lair:1 |    3059 |    2079 |  40.5 |      18 |       8 |  30.8
     Lair:2 |    4957 |     846 |  14.6 |      22 |      16 |  42.1
     Lair:3 |    3762 |    4214 |  52.8 |      17 |       9 |  34.6
     Lair:4 |    4036 |    8963 |  69.0 |      20 |      21 |  51.2
     Lair:5 |    7328 |     385 |   5.0 |      31 |       4 |  11.4
     Lair:6 |    8501 |   11413 |  57.3 |      28 |      22 |  44.0
   Spider:1 |    3340 |       0 |   0.0 |       5 |       0 |   0.0
      Orc:1 |    4475 |      23 |   0.5 |      25 |       8 |  24.2
      Orc:2 |    1846 |    3714 |  66.8 |      16 |       7 |  30.4
      Sewer |       0 |     572 | 100.0 |       0 |      28 | 100.0
            +---------+---------+-------+---------+---------+-------
